Cogmind - Beta 16.1 @@@ ROGUE MODE // 2026.04.08 @ 22:19:26 Player: Maelyn Result: Destroyed by H-66 Slayer with Gauss Rifle Performance ------------- Evolutions (4) 2000 Regions Visited (5) 1000 Robots Destroyed (28) 140 Value Destroyed (817) 817 Prototype IDs (3) 60 Alien Tech Used (0) 0 Bonus (885) 885 TOTAL SCORE: 4902 Bonus ------- Follower Combat Kills 85 Registered with UFD 300 Met Optimus in HQ 500 Cogmind --------- Core Integrity 0/850 Matter 300/300 Energy 100/100 System Corruption 16% Temperature Cool (0) Movement Core (250) Ox4 Location -6/Factory Parts ------- > --- POWER (1) -------- (None) > --- PROPULSION (4) --- (None) > --- UTILITY (7) ------ Medium Storage Unit Advanced Signal Interpreter A0-MCA's Component Scanner > --- WEAPON (3) ------- Companion Sword > --- INVENTORY (10) --- Advanced Heat Sink Small Laser Peak State ------------ > --- POWER ------------ (None) > --- PROPULSION ------- Light Treads Light Treads Light Treads Carbon-fiber Leg > --- UTILITY ---------- Medium Storage Unit Improved Sensor Array Advanced Signal Interpreter Layered Medium Armor Plating A0-MCA's Component Scanner > --- WEAPON ----------- Magnetic Acceleration Cannon Antimatter Cannon Companion Sword > --- INVENTORY -------- Airjet Small Laser [Rating: 46] Favorites ----------- Power Light Angular Momentum Engine Engine Light Angular Momentum Engine Power Core Fission Core Propulsion Light Treads Treads Light Treads Leg Carbon-fiber Leg Wheel Subdweller Monowheel Hover Unit Airjet Utility Seismic Detector Device Seismic Detector Storage Small Storage Unit Processor A0-MCA's Component Scanner Protection Layered Medium Armor Plating Weapon Medium Laser Energy Gun Medium Laser Ballistic Cannon Antimatter Cannon Launcher Grenade Launcher Impact Weapon Mace Slashing Weapon Companion Sword Build | -11 -10 -10 -10 -8 -6 ------- Run | Yrd Mat Min Sub Scr Fac Slots Evolved 8 | . . . . . 8 Power . | . . . . . . Propulsion 2 | . . . . . 2 Utility 5 | . . . . . 5 Weapon 1 | . . . . . 1 Parts Attached 34 | 7 . 4 1 4 18 Power 5 | 1 . 1 . . 3 Engine 4 | 1 . 1 . . 2 Core 1 | . . . . . 1 Reactor . | . . . . . . Propulsion 8 | 2 . . 1 1 4 Treads 4 | 2 . . . . 2 Leg 2 | . . . . 1 1 Wheel 1 | . . . 1 . . Hover 1 | . . . . . 1 Flight . | . . . . . . Utility 11 | 2 . . . 1 8 Device 3 | 1 . . . . 2 Storage 3 | 1 . . . 1 1 Processor 3 | . . . . . 3 Hackware . | . . . . . . Protection 2 | . . . . . 2 Artifact . | . . . . . . Weapon 10 | 2 . 3 . 2 3 Energy Gun 5 | 2 . 2 . 1 . Energy Cannon . | . . . . . . Ballistic Gun . | . . . . . . Ballistic Cannon 2 | . . . . . 2 Launcher 1 | . . 1 . . . Special Weapon . | . . . . . . Impact Weapon 1 | . . . . . 1 Slashing Weapon 1 | . . . . 1 . Piercing Weapon . | . . . . . . Special Melee Weapon . | . . . . . . Unidentified Prototypes 1 | . . . . 1 . Parts Lost 21 | . . . 1 . 20 Power 4 | . . . . . 4 Propulsion 7 | . . . 1 . 6 Utility 6 | . . . . . 6 Weapon 4 | . . . . . 4 Highest Loss Streak 12 | . . . 1 . 12 To Critical Strikes 1 | . . . 1 . . Average Backups 7 | 3 5 7 8 8 4 Power . | . 1 1 1 1 . Propulsion 1 | 2 2 2 2 2 1 Utility 2 | . . 2 3 3 1 Weapon 1 | 1 1 2 2 1 1 Tool/Special . | . . . . . . Unused Backups 5 | . . 4 . . 1 Power . | . . . . . . Propulsion 2 | . . 2 . . . Utility 2 | . . 1 . . 1 Weapon 1 | . . 1 . . . Tool/Special . | . . . . . . Average Slot Usage (%) 85 | . 100 100 94 85 67 Engine 11 | . 14 14 14 14 1 Treads 15 | . 28 28 19 12 11 Leg 2 | . . . . 1 5 Wheel 1 | . . . 3 2 . Device 12 | . 14 14 14 14 5 Storage 12 | . 14 14 14 14 7 Processor 2 | . . . . . 11 Energy Gun 15 | . 28 24 19 16 2 Ballistic Cannon 1 | . . . . . 8 Launcher 5 | . . 3 8 7 . Slashing Weapon 2 | . . . . 2 6 Peak Build Rating 46 | 7 7 16 16 21 46 Average Rating 18 | 3 7 14 13 14 39 On Entrance 10 | . 7 7 16 14 18 Avg Prop Armor Cover (%) 8 | . . . 12 12 3 Naked Turns . | . . . . . . Heaviest Build 39 | 13 13 22 21 29 39 Greatest Support 60 | 40 40 40 40 20 60 Greatest Overweight (x) 9 | 1 . . . 6 9 Average Overweight (x) . | . . . . . . Largest Inventory Capacity 10 | 8 8 8 8 10 10 Average Capacity 8 | 7 8 8 8 8 10 Most Carried 10 | 8 7 8 8 10 10 Average Carried 7 | 4 5 7 8 8 4 Final Capacity 10 | 8 8 8 8 10 10 Final Carried 10 | 4 7 8 8 10 2 Class Distribution -------------------- 86% | Mutant 13% | Scavenger-Mutant Dominant Class ---------------- Mutant | -10/Materials Mutant | -10/Mines Scavenger-Mutant | -10/Subcaves Mutant | -8/Scraptown Mutant | -6/Factory Resources | -11 -10 -10 -10 -8 -6 ----------- Run | Yrd Mat Min Sub Scr Fac Matter Collected 943 | 131 21 232 . . 559 Remotely . | . . . . . . Salvage Created 910 | 16 51 263 40 . 540 Parts 52 | 5 4 19 1 . 23 Haulers Intercepted . | . . . . . . Recyclers Shooed 2 | . 1 1 . . . Parts Field Recycled . | . . . . . . Retrieved Matter . | . . . . . . Parts Self-Destructed 3 | . . . 3 . . Prevented . | . . . . . . Parts Restored . | . . . . . . Kills | -11 -10 -10 -10 -8 -6 ------- Run | Yrd Mat Min Sub Scr Fac Combat Hostiles Destroyed 22 | . 3 8 1 . 10 Melee 7 | . . . . . 7 Guns 9 | . 3 5 . . 1 Cannons 2 | . . . . . 2 AOE 3 | . . 2 1 . . Classes Destroyed 13 | 1 2 4 1 . 5 Worker 1 | . . 1 . . . Builder 1 | . . . . . 1 Tunneler 3 | 1 . 2 . . . Recycler 1 | . . 1 . . . Watcher 1 | . 1 . . . . Swarmer 6 | . 3 3 . . . Grunt 9 | . . 4 . . 5 Brawler 1 | . . . . . 1 Protector 1 | . . . . . 1 Sentry 2 | . . . 1 . 1 Hunter 1 | . . . . . 1 Programmer 1 | . . . . . 1 Assembled 1 | . . 1 . . . Best Kill Streak 3 | 1 3 3 1 . 2 Combat Bots Only 3 | . 2 3 1 . 2 Max Kills in Single Turn 3 | 1 1 3 1 . 1 Gunslinging 1 | . . 1 . . . Exploded 1 | . . 1 1 . . Melee 1 | . . . . . 1 Uniques/NPCs Destroyed . | . . . . . . Combat | -11 -10 -10 -10 -8 -6 -------- Run | Yrd Mat Min Sub Scr Fac Hostile Shots Fired 320 | . 12 45 15 . 248 Missed 86 | . 3 18 4 . 61 Hits 234 | . 9 27 11 . 187 Melee 5 | . . . . . 5 Projectile 229 | . 9 27 11 . 182 AOE 1 | . . . . . 1 Critical Strikes 10 | . . . 1 . 9 Part Disruptions 1 | . . . . . 1 Damage Taken 3598 | . 74 430 187 . 2907 Core 1011 | . 17 70 66 . 858 Absorbed by Shields . | . . . . . . Core Remaining (%) 69 | 100 . . . 38 . Volleys Fired 62 | 1 10 27 2 . 22 Largest 2 | 2 2 2 2 . 2 Hottest 125 | 100 100 125 70 . 125 Shots Fired 108 | 2 20 42 4 . 40 Gun 68 | 2 20 32 2 . 12 Cannon 28 | . . . . . 28 Launcher 12 | . . 10 2 . . Special . | . . . . . . Kinetic 28 | . . . . . 28 Thermal 68 | 2 20 32 2 . 12 Explosive 12 | . . 10 2 . . Electromagnetic . | . . . . . . Robot Hit Streak 11 | 1 4 11 . . 5 Robot Miss Streak 4 | . 2 3 . . 4 Penetration Max . | . . . . . . Secondary Targets 1 | . . 1 . . . Max Gunslinging Chain 1 | . . 1 . . . Shots Hit Robots 99 | 1 12 28 . . 58 Core Hits 47 | 1 4 19 3 . 20 Critical Kills . | . . . . . . Critical Parts Destroyed . | . . . . . . Critical Strikes 12 | . 4 3 . . 5 Burn 10 | . 4 3 . . 3 Melee Attacks 50 | . . . . . 50 Impact 1 | . . . . . 1 Slashing 49 | . . . . . 49 Piercing . | . . . . . . Sneak Attacks . | . . . . . . Combat Hostiles . | . . . . . . Follow-up Attacks 1 | . . . . . 1 Damage Inflicted 2970 | 12 161 700 25 . 2072 Guns 701 | 12 161 384 . . 144 Cannons 620 | . . . . . 620 Explosions 336 | . . 313 23 . . Melee 1308 | . . . . . 1308 Ramming 5 | . . 3 2 . . Kinetic 620 | . . . . . 620 Thermal 701 | 12 161 384 . . 144 Explosive 336 | . . 313 23 . . Electromagnetic . | . . . . . . Impact . | . . . . . . Slashing 1308 | . . . . . 1308 Piercing . | . . . . . . Highest Corruption 16 | . . . . . 16 Average Corruption 12 | . . . . . 12 Corruption Purged . | . . . . . . Corruption Blocked . | . . . . . . Effects 44 | . . . . . 44 Message Errors 5 | . . . . . 5 Matter Fused 14 | . . . . . 14 Heat Flow Errors 6 | . . . . . 6 Energy Discharges 7 | . . . . . 7 Parts Fused 1 | . . . . . 1 Data Loss (minor) 5 | . . . . . 5 Misfires 1 | . . . . . 1 Alerts 2 | . . . . . 2 Misdirections 1 | . . . . . 1 Weapon Failures 2 | . . . . . 2 Overload Shots . | . . . . . . Overflow Damage 65 | . . . . . 65 Projectiles 4 | . . . . . 4 Explosions . | . . . . . . Melee 61 | . . . . . 61 Knockbacks 5 | . . . . . 5 Impact . | . . . . . . Kinetic 5 | . . . . . 5 Secondary . | . . . . . . Self-Inflicted Damage 109 | . . 108 1 . . Shots 4 | . . 4 . . . Rammed 1 | . . . 1 . . Targets Rammed 2 | . . 1 1 . . Kicked . | . . . . . . Crushed 1 | . . 1 . . . Highest Temperature 409 | 39 239 409 . . 224 Average Temperature 101 | 20 117 115 . . 67 Received Heat Transfer 1005 | . . 117 57 . 831 Effects 5 | . . 5 . . . Shutdowns 1 | . . 1 . . . Interference 3 | . . 3 . . . Matter Decay 1 | . . 1 . . . Siege Activations . | . . . . . . Martial Activations . | . . . . . . Shielding Activations . | . . . . . . Robots Disrupted . | . . . . . . Combat Hostiles . | . . . . . . Robots Corrupted . | . . . . . . Combat Hostiles . | . . . . . . Parts Fried . | . . . . . . Impact Corruptions . | . . . . . . Robots Melted 1 | . . 1 . . . Combat Hostiles 1 | . . 1 . . . Parts Melted 6 | . 4 2 . . . Heat Transferred 2504 | 37 777 1172 . . 518 Parts Sabotaged 2 | . . . . . 2 Parts Stolen . | . . . . . . Parts Stripped . | . . . . . . Power Chain Reactions . | . . . . . . Alert | -11 -10 -10 -10 -8 -6 ------- Run | Yrd Mat Min Sub Scr Fac Maximum Alert Level . | . . . . . . Low Security (%) 100 | 100 100 100 . . 100 Level 1 . | . . . . . . Level 2 . | . . . . . . Level 3 . | . . . . . . Level 4 . | . . . . . . Level 5 . | . . . . . . High Security . | . . . . . . Max Security . | . . . . . . Peak Influence 80 | 5 80 72 . . 46 Initial 19 | . . 19 . . . Average 12 | 1 27 19 . . 5 Influence Increases 710 | 5 107 316 20 . 262 Destroy 0b10 Robot/C 460 | . 60 200 20 . 180 Destroy 0b10 Robot/NC 40 | 5 5 20 . . 10 Destroy Leader 92 | . 12 30 . . 50 Allied During Kill 9 | . . 9 . . . Destroy Structure 49 | . . 42 . . 7 Lose Combat Pursuer 60 | . 30 15 . . 15 Influence Decreases 710 | 5 57 342 44 . 262 Entered New Map 44 | . . 31 13 . . Time Decay 538 | 5 57 291 31 . 154 Lost Part 108 | . . . . . 108 Lost Ally 20 | . . 20 . . . Squads Dispatched 3 | . 1 . . . 2 Investigation . | . . . . . . Extermination 1 | . . . . . 1 Reinforcement 2 | . 1 . . . 1 Assault . | . . . . . . Garrison . | . . . . . . Intercept . | . . . . . . Searches Triggered . | . . . . . . Construction Impeded 1 | . . . . . 1 Haulers Reinforced . | . . . . . . Active Scanning Responses . | . . . . . . Cargo Convoy Interrupts 1 | . . . . . 1 Stealth | -11 -10 -10 -10 -8 -6 --------- Run | Yrd Mat Min Sub Scr Fac Distress Signals 2 | . 1 . . . 1 Communications Jammed . | . . . . . . Distress Signals . | . . . . . . Times Spotted 45 | . 6 13 2 . 24 Peak Tracking Total 9 | . 3 3 1 . 9 Tactical Retreats 3 | . 1 1 . . 1 Traps | -11 -10 -10 -10 -8 -6 ------- Run | Yrd Mat Min Sub Scr Fac Traps Triggered 1 | . . . . . 1 Indirectly . | . . . . . . Trap Hack Attempts . | . . . . . . Triggered . | . . . . . . Disarmed . | . . . . . . Reprogrammed . | . . . . . . Reused . | . . . . . . Traps Extracted . | . . . . . . Installed . | . . . . . . Triggered . | . . . . . . Machines | -11 -10 -10 -10 -8 -6 ---------- Run | Yrd Mat Min Sub Scr Fac Machines Disabled . | . . . . . . Max in Single Turn . | . . . . . . Machines Repaired . | . . . . . . Machines Dismantled . | . . . . . . Machines Sabotaged . | . . . . . . Overloaded Fab Kills . | . . . . . . Hacking | -11 -10 -10 -10 -8 -6 --------- Run | Yrd Mat Min Sub Scr Fac Machines Accessed 6 | . . 1 . 5 . Terminals . | . . . . . . Fabricators . | . . . . . . Repair Stations . | . . . . . . Recycling Units . | . . . . . . Scanalyzers . | . . . . . . Garrison Access . | . . . . . . Total Hacks 14 | . . 1 . 13 . Successful 14 | . . 1 . 13 . Failed . | . . . . . . Catastrophic . | . . . . . . Database Lockouts . | . . . . . . Manual . | . . . . . . Terminals . | . . . . . . Fabricators . | . . . . . . Repair Stations . | . . . . . . Recycling Units . | . . . . . . Scanalyzers . | . . . . . . Garrison Access . | . . . . . . Terminal Hacks 14 | . . 1 . 13 . Record 12 | . . . . 12 . Open Door 2 | . . 1 . 1 . Fabricator Hacks . | . . . . . . Repair Station Hacks . | . . . . . . Recycling Unit Hacks . | . . . . . . Scanalyzer . | . . . . . . Garrison Access Hacks . | . . . . . . Unauthorized Hacks . | . . . . . . Terminals . | . . . . . . Fabricators . | . . . . . . Repair Stations . | . . . . . . Recycling Units . | . . . . . . Scanalyzers . | . . . . . . Garrison Access . | . . . . . . Data Cores Recovered . | . . . . . . Used . | . . . . . . Hacking Detections . | . . . . . . Full Trace Events . | . . . . . . Feedback Events . | . . . . . . Feedback Blocked . | . . . . . . Robot Schematics Acquired . | . . . . . . Robots Built . | . . . . . . Authchips . | . . . . . . Time . | . . . . . . Total Robot Build Rating . | . . . . . . Part Schematics Acquired . | . . . . . . Parts Built . | . . . . . . Authchips . | . . . . . . Time . | . . . . . . Total Part Build Rating . | . . . . . . Part Studies Acquired . | . . . . . . Parts Repaired . | . . . . . . Time . | . . . . . . Parts Recycled . | . . . . . . Recycled Matter . | . . . . . . Retrieved Matter . | . . . . . . Retrieved Components . | . . . . . . Parts Scanalyzed . | . . . . . . Part Schematics Acquired . | . . . . . . Parts Damaged . | . . . . . . Bothacking | -11 -10 -10 -10 -8 -6 ------------ Run | Yrd Mat Min Sub Scr Fac Used RIF Installer . | . . . . . . Robots Hacked . | . . . . . . Non-combat . | . . . . . . Combat . | . . . . . . Robot Hacks Applied . | . . . . . . Relay Couplers Released . | . . . . . . Fabnet Peak Effective % . | . . . . . . Robots Rewired . | . . . . . . Allies Hacked . | . . . . . . Hacks Repelled . | . . . . . . Allies | -11 -10 -10 -10 -8 -6 -------- Run | Yrd Mat Min Sub Scr Fac Total Allies 4 | . . 4 . . . Largest Group 3 | . . 3 . . . Highest-Rated Group 40 | . . 40 . . . Highest-Rated Ally 31 | . . 31 . . . Initial UFD Resources 22 | . . . . . 22 Total Orders . | . . . . . . Ally Attacks 16 | . . 16 . . . Total Damage 180 | . . 180 . . . Kills 3 | . . 3 . . . Allies Corrupted . | . . . . . . Allies Melted . | . . . . . . Intel | -11 -10 -10 -10 -8 -6 ------- Run | Yrd Mat Min Sub Scr Fac Active Infowar (turns) 1466 | 14 230 344 . . 878 Sensors 596 | . . . . . 596 Seismic 870 | 14 230 344 . . 282 Robot Analysis Total . | . . . . . . Derelict Logs Recovered 2 | . . 1 . 1 . Drone Launches . | . . . . . . Drone Recoveries . | . . . . . . Exploration | -11 -10 -10 -10 -8 -6 ------------- Run | Yrd Mat Min Sub Scr Fac Turns Passed 6054 | 83 230 1000 210 3325 1206 Spaces Moved 3197 | 51 124 490 132 1924 476 Core 58 | 28 . . . 6 24 Treads 2291 | 23 124 490 89 1256 309 Legs 356 | . . . . 225 131 Wheels 480 | . . . 43 437 . Hover 12 | . . . . . 12 Flight . | . . . . . . Fastest Speed 50 | 50 160 160 110 110 120 Average Speed 169 | 124 160 160 143 172 182 Slowest Speed 500 | 160 160 160 160 350 500 Overloaded Moves . | . . . . . . Propulsion Burnouts . | . . . . . . Robots Hopped . | . . . . . . Potential Cave-ins . | . . . . . . Cave-ins Triggered . | . . . . . . Exploration Rate (%) 36 | 3 29 73 11 91 14 Regions Visited 5 Branch Regions 3 Pre-discovered Areas 1 | . . 1 . . . Known Exits Taken . | . . . . . . Unknown Exits Taken 5 | 1 1 1 1 1 . Scrap Searched . | . . . . . . Spaces Dug 3 | . . 3 . . . Terrain Destroyed 76 | . . 58 11 . 7 Melee . | . . . . . . Projectile 7 | . . . . . 7 AOE 69 | . . 58 11 . . Terrain Rammed . | . . . . . . Walls Destroyed . | . . . . . . Machines Disabled . | . . . . . . Actions | -11 -10 -10 -10 -8 -6 --------- Run | Yrd Mat Min Sub Scr Fac Total 3655 | 68 136 668 147 1934 702 Wait 265 | . . 132 11 . 122 Move 3192 | 50 123 489 131 1923 476 Hop . | . . . . . . Pick Up 33 | 10 3 6 . 2 12 Fast Attach 3 | 1 . . 1 . 1 Attach 28 | 6 . 1 . 1 20 Detach 1 | . . . . 1 . Swap 9 | . . 4 1 4 . Drop 11 | . . 8 . 3 . Fire 62 | 1 10 27 2 . 22 Melee 49 | . . . . . 49 Ram 1 | . . . 1 . . Kick . | . . . . . . Crush 1 | . . 1 . . . Escape Stasis . | . . . . . . Rewire . | . . . . . . Trap . | . . . . . . Miscellaneous . | . . . . . . Route ------- -11/Scrapyard -10/Materials (discovered 2 exits: [*Mat] / *Min) -10/Mines (discovered 2 exits: [*Mat] / [*Sub]) -10/Subcaves -8/Scraptown (discovered 2 exits: [*Fac x2]) -6/Factory History --------- Turn | Location | Event 12 | -11/Scrapyard | Discovered new exit (range 15) 84 | -11/Scrapyard | Entered Materials 138 | -10/Materials | Discovered new exit (range 15) 189 | -10/Materials | Discovered new exit (range 8) 300 | -10/Materials | Build established: Mutant 314 | -10/Materials | Entered Mines 317 | -10/Mines | Received a Mining Laser from a helpful Derelict 384 | -10/Mines | Learned location of Zion (-6) 433 | -10/Mines | Met a Derelict who couldn't figure out how to use a Trap Extractor 575 | -10/Mines | Discovered new exit (range 10) 612 | -10/Mines | Discovered new exit (range 4) 708 | -10/Mines | Assisted by bots powering up and referring to "LRC-V3" 846 | -10/Mines | Excavation squad dispatched 846 | -10/Mines | A large section of the Mines collapsed 1314 | -10/Mines | Entered Subcaves 1315 | -10/Subcaves | Approached by a straggling Scientist 1393 | -10/Subcaves | Core integrity fell below 50% 1403 | -10/Subcaves | A swath of the cavern ceiling suddenly collapsed 1419 | -10/Subcaves | Shifting Twisted Machinery released Mak. System Restoration Module 1431 | -10/Subcaves | Scientist uncovered a shortcut to Scraptown 1524 | -10/Subcaves | Entered Scraptown 1559 | -8/Scraptown | Heard Great Nut preacher, LISTEN AND RECITE! 1671 | -8/Scraptown | Visited The Evicted 1735 | -8/Scraptown | Visited Artisan Demo Area 1762 | -8/Scraptown | Build established: Scavenger-Mutant 1798 | -8/Scraptown | Visited UFD Registry 1814 | -8/Scraptown | Visited SPCMW 1823 | -8/Scraptown | Visited IN-MT5's Study 1878 | -8/Scraptown | Scanned Subdweller tech in exchange for log data 1909 | -8/Scraptown | Discovered new exit (range 11) 2313 | -8/Scraptown | Build established: Mutant 2710 | -8/Scraptown | Visited Bundlers 2763 | -8/Scraptown | Visited Awakened 2846 | -8/Scraptown | Visited Comm Corps 3147 | -8/Scraptown | Registered with UFD as "Megarider" 3222 | -8/Scraptown | Visited Sword Containment 3262 | -8/Scraptown | Visited A0-MCA Data Center 3271 | -8/Scraptown | Given an A- rating by A0-MCA 3284 | -8/Scraptown | Found A0-MCA's Component Scanner 3352 | -8/Scraptown | Visited DA-N13 Charitable Foundation 3559 | -8/Scraptown | Discovered new exit (range 3) 3688 | -8/Scraptown | Visited Scrapoid Pod Storage 3751 | -8/Scraptown | Visited Supply Room 4093 | -8/Scraptown | Visited Scrap Suit Storage 4163 | -8/Scraptown | Visited Research Penetration Think Tank 4218 | -8/Scraptown | Visited Curators Association 4350 | -8/Scraptown | Found Prototype Slashing Weapon 4351 | -8/Scraptown | Identified Companion Sword 4720 | -8/Scraptown | Met Optimus 4720 | -8/Scraptown | Accepted into 0bPrime 4849 | -8/Scraptown | Entered Factory 4849 | -6/Factory | Evolved 8 slots: Propulsion x2, Utility x5, Weapon x1 5104 | -6/Factory | System corruption reached 10% 5233 | -6/Factory | Lost 12 parts (3p1n5u3w) 5941 | -6/Factory | Core integrity fell below 50% 5987 | -6/Factory | Cargo convoy interrupted 6013 | -6/Factory | Core integrity fell below 20% 6028 | -6/Factory | Lost 4 parts (3n1w) 6055 | -6/Factory | Destroyed by H-66 Slayer with Gauss Rifle Last Messages --------------- 06018_ Slug penetrates Wall. 06019_ K-01 Serf collects debris. 06019_ R-10 Processor collects Hvy. Assault Rifle. 06020_ System corrupted: Energy discharge (-49). 06021_ U-05 Engineer lays Concrete. 06025_ Slug penetrates Wall. 06026_ U-05 Engineer builds a Wall. 06029_ U-05 Engineer builds a Door. 06032_ Penetrated by Slug. 06032_ Airjet destroyed. 06037_ System corrupted: Heat flow error (+248). 06038_ R-10 Processor inserts Cesium-ion Thruster into recycling unit. 06045_ Slug penetrates Wall. 06050_ Wall collapses. 06050_ Imp. Deuterium Engine destroyed. 06053_ U-05 Engineer builds a Wall. 06054_ Slug penetrates Wall. 06054_ Slug penetrates P-60 Hacker. 06055_ Slug penetrates Wall. Map ----- +----------------------------------------------------+ | ???????????????????????????????????? ???????????? | | ???????????????????????????????????? #??????????? | | ???????????????????????????????????? +??????????? | | ????????????????????????????????????! #??????????? | | ???????????????????????????????????? ^#??????????? | | ????????????????????????????????????="#??????????? | | ????????????????????????????????????#%#??????????? | | ????????????????????????????????????#!#??????????? | | ????????????????????????????????????#*#??????????? | | ????????????????????????????????????#!#??????????? | | ????????????????????????????????????# #??????????? | | ????????????????????????????????????# #??????????? | | ????????????????????# """"??????????# #??????????? | | ????????????????????# """ ?????????#%#??????????? | | ????????????????????# ?????????# #??????????? | | ????????????????????? ??????#### #??????????? | | ?????????????????????? ! Y???######+####???????? | | ??????????????" ???????? "??## # ! ######### | | ??????????????" ???????? ?##### u # | | ????????????""" #########+## #u # | | ???????????? Ru h # | | ??????????? A p# # """ | | ??????????? x# |! ! # """ | | ?????????? ####%#### """ | | ?????????? %######### | | ?????????? @ k / "" | | ????????????????###+######## ##### # """" | | ???????????????????????????# #???# # """" | | ???????????????????????????# #???# + | | ???????????????????????????# #???# ####### | | ???????????????????????#####+##### #?????###+##### | | ???????????????????????# # #???????# #???? | | ???????????????????????# # #???????# #???? | | ???????????????????????# # #???????# #???# | | ???????????????????????# + #??????## ### | | ???????????????????????# # #??????# | | ???????????????????????# # ######## | | ???????????????????????# # % | | ???????????????????????# # ############# | | ????????????????????############## #????????????## | | ????????????????????# + #?????????????? | | ????????????????????# #+########??????? | | ????????????????????# # #??????? | | ????????????????????# + "T" #??????? | | ????????????????????# # """ #??????? | | ????????????????????############## #??????? | | ??????????????????????????????????#########??????? | | | | | | | +----------------------------------------------------+ Best States ------------- Heat Dissipation 51 Energy Generation 18 Energy Capacity 510 Matter Stores 300 Matter Capacity 300 Sight Range 16 Robot Scan Range 15 Terrain Scan Density 10 Armor Coverage 225 Evasion (%) 55 Targeting Accuracy 8 Recoil Reduction 3 Item Schematics ----------------- None Robot Schematics ------------------ None Fabricated ------------ Nothing Repaired ---------- Nothing Studied --------- None Alien Tech Used ----------------- None Achievements -------------- Jackpot Link The Feds Nice Directions, Buddy Challenges ------------ None Game ------ Seed AluminumSpikedShredder Manual? 0 Play Time 00:39:58 Cumulative 24.3 hours Start 2026.04.08 @ 21:38:27 End 2026.04.08 @ 22:19:26 Sessions 1 Manual Loads 0 Difficulty Rogue Special Mode None Game No. 72 Rogue 72 Adventurer 0 Explorer 0 Win Type - Total 0 Types 0/0/0/0/0/0/0/0/0/0 Lore% 13 Gallery% 21 Achievement% 13 Wizard Run 0 Options --------- Layout 1 ASCII 0 Keyboard 0 Movement Mouse Keybinds 0 Fullscreen 0 Font 16/TamsynBold Map View 64x42 Zoom Use 0% Tactical HUD 1 Map Filters NONE Filters NONE Steam 1 RUN: cedc20c8-f2c1-49ff-bbb5-fcaafba0008a